 Dungeon Crawl Stone Soup version 0.23-a0-143-g1adec7b (webtiles) character file.

4674 galech the Cleaver (level 10, -1/77 (79) HPs)
             Began as a Demonspawn Monk on Sept 4, 2018.
             Was an Elder of Okawaru.
             Slain by an ice devil (4 damage)
             ... summoned by an orc sorcerer
             ... while paralysed by an orc sorcerer
             ... on level 1 of the Orcish Mines.
             The game lasted 00:19:14 (13034 turns).

galech the Cleaver (Demonspawn Monk)               Turns: 13034, Time: 00:19:15

HP:   -1/77 (79)    AC:  9    Str: 11    XL:     10   Next: 21%
MP:   0/19          EV:  2    Int: 11    God:    Okawaru [****..]
Gold: 500           SH:  0    Dex: 25    Spells: 9/9 levels left

rFire    . . .     SeeInvis .   r - +3 hand axe
rCold    . . .     Gourm    .   (no shield)
rNeg     . . .     Faith    +   a - +2 robe {Archmagi}
rPois    .         Spirit   +   h - +1 helmet
rElec    .         Reflect  .   (no cloak)
rCorr    +         Harm     .   f - +0 pair of gloves
MR       .....                  (no boots)
Stlth    +++++.....             H - amulet of faith
HPRegen  0.22/turn              D - ring of magical power
MPRegen  0.32/turn              u - ring of resist corrosion

@: paralysed, agile
A: talons 1, molten scales 1, powered by pain 2, magic shield, magic
regeneration
a: Heroism, Renounce Religion


You were on level 1 of the Orcish Mines.
You worshipped Okawaru.
Okawaru was greatly pleased with you.
You were not hungry.

You visited 3 branches of the dungeon, and saw 11 of its levels.
You also visited: Sewer.

You collected 500 gold pieces.

Inventory:

Hand Weapons
 r - a +3 hand axe (weapon)
 C - a +1 hand axe of chopping
Armour
 a - a +2 robe of the Archmagi (worn)
 d - a +0 leather armour of fire resistance
 f - a +0 pair of gloves (worn)
 h - a +1 helmet (worn)
Jewellery
 l - an uncursed ring of protection from cold
 u - a ring of resist corrosion (right hand)
 D - a ring of magical power (left hand)
 H - an amulet of faith (around neck)
Wands
 j - a wand of polymorph (6)
 o - a wand of scattershot (5)
 y - a wand of acid (15)
Scrolls
 b - 2 scrolls of immolation
 e - 9 scrolls of identify
 i - a scroll of magic mapping
 k - 9 scrolls of remove curse
 m - 4 scrolls of teleportation
 n - 2 scrolls of enchant armour
 p - 2 scrolls of fear
 s - 2 scrolls of amnesia
 w - a scroll of vulnerability {unknown}
Potions
 g - a potion of heal wounds
 q - a potion of might
 t - 2 potions of cancellation {unknown}
 v - 2 potions of flight
 x - a potion of resistance
 z - a potion of agility {unknown}
 A - 3 potions of curing
 B - a potion of lignification
 E - a potion of brilliance
 F - a potion of invisibility {unknown}
 G - 2 potions of haste
Comestibles
 c - 22 rations
 I - a chunk of flesh


   Skills:
 + Level 7.2 Fighting
 + Level 10.0 Axes
 + Level 0.8 Armour
 + Level 6.8 Dodging
 + Level 5.0 Stealth
 + Level 0.5 Invocations


You had 9 spell levels left.
You didn't know any spells.
Your spell library contained the following spells:

 Spells                   Type           Power        Failure   Level  Hunger
 Beastly Appendage        Tmut           #.....       34%         1    ##.....
 Corona                   Hex            #......      34%         1    ##.....
 Magic Dart               Conj           #...         34%         1    ##.....
 Shock                    Conj/Air       #...         34%         1    ##.....
 Ensorcelled Hibernation  Hex/Ice        #.....       47%         2    ###....
 Searing Ray              Conj           #.....       47%         2    ###....
 Slow                     Hex            #.......     47%         2    ###....
 Sticks to Snakes         Tmut           #.......     47%         2    ###....
 Swiftness                Chrm/Air       #.......     47%         2    ###....
 Confuse                  Hex            #.......     71%         3    ####...
 Dazzling Spray           Conj/Hex       #.....       71%         3    ####...
 Inner Flame              Hex/Fire       #.......     71%         3    ####...
 Portal Projectile        Hex/Tloc       #.....       71%         3    ####...
 Spider Form              Tmut/Pois      #.........   71%         3    ####...
 Static Discharge         Conj/Air       #.......     71%         3    ####...
 Tukima's Dance           Hex            #.......     71%         3    ####...
 Airstrike                Air            #.........   98%         4    #####..
 Cause Fear               Hex            #.........   98%         4    #####..
 Force Lance              Conj/Tloc      #.......     98%         4    #####..
 Fulminant Prism          Conj/Hex       #.........   98%         4    #####..
 Ice Form                 Ice/Tmut       #.......     98%         4    #####..
 Iskenderun's Mystic Bla  Conj           #.......     98%         4    #####..
 Leda's Liquefaction      Hex/Erth       #.........   98%         4    #####..
 Blade Hands              Tmut           #.........   100%        5    ######.
 Lightning Bolt           Conj/Air       #.........   100%        5    ######.


Dungeon Overview and Level Annotations

Branches:
Dungeon (9/15)             Temple (1/1) D:6            Lair (0/6) D:9
    Orc (1/2) D:9

Altars:
Ashenzari
Cheibriados
Dithmenos
Elyvilon
Fedhas
Gozag
Hepliaklqana
Kikubaaqudgha
Makhleb
Nemelex Xobeh
Okawaru
Qazlal
Ru
Sif Muna
Trog
Uskayaw
Vehumet
Wu Jian
Xom
Yredelemnul
Zin
The Shining One

Shops:
D:6 }


Innate Abilities, Weirdness & Mutations

You have sharp toenails.
You are partially covered in molten scales. (AC +2)
You sometimes gain power by taking damage.
When hurt, damage is shared between your health and your magic reserves.
You regenerate magic rapidly.


Message History

You suddenly lose the ability to move!
The red devil hits you from afar with a trident!
The ice devil hits you. The ice devil freezes you!
The orc sorcerer hits you but does no damage.
The red devil hits you from afar with a trident!
* * * LOW HITPOINT WARNING * * *
The ice devil hits you.
* * * LOW HITPOINT WARNING * * *
The ice devil freezes you!
* * * LOW HITPOINT WARNING * * *
You focus on the pain.
You feel your power returning.
The orc sorcerer mumbles some strange words.
The orc sorcerer shimmers violently.
The orc sorcerer hits you but does no damage.
The red devil hits you from afar with a trident.
* * * LOW HITPOINT WARNING * * *
The ice devil hits you!
* * * LOW HITPOINT WARNING * * *
The ice devil freezes you!
You die...

.#...# ...#
#.....
....####....#
.....#......###
#...........$.##
#..............
#......#..#
###..o4)).#
#..4.@.))##
#.........##
.........<...#
#....##.......#
..... ###......#
.... #>......#
#.. ....#.###
##. ...#### ....


You could see an ice devil, an orc sorcerer and a red devil.

Vanquished Creatures
  A two-headed ogre (D:9)
  A troll (D:9)
  A hippogriff (D:9)
  Menkaure (D:4)
  An orc warrior (Orc:1)
  2 necrophages (D:8)
  4 ice beasts
  2 phantoms
  5 ogres
  2 centaurs
  A crocodile (D:9)
  3 bullfrogs
  Blork the orc (D:6)
  A gnoll sergeant (D:9)
  3 scorpions
  An electric eel (D:8)
  A howler monkey (D:8)
  3 crimson imps
  A quasit (D:3)
  A centaur zombie (D:8)
  7 orc priests
  3 hounds
  2 jellies
  A gnoll shaman (D:4)
  11 orc wizards
  A bullfrog skeleton (D:9)
  3 iguanas
  4 worker ants
  A killer bee zombie (D:5)
  2 worker ant zombies
  Robin (D:2)
  14 gnolls
  12 adders
  2 river rats
  A shadow imp (D:9)
  An ooze (D:1)
  3 worms
  4 dart slugs (D:1)
  6 leopard geckos
  27 orcs
  9 giant cockroaches
  21 goblins
  7 hobgoblins
  14 jackals
  2 quokkas
  6 bats
  6 frilled lizards
  9 kobolds
  8 rats
224 creatures vanquished.

Vanquished Creatures (others)
  A rat (D:1)
1 creature vanquished.

Grand Total: 225 creatures vanquished

Notes
Turn   | Place    | Note
-------+----------+-------------------------------------------
     0 | D:1      | galech the Demonspawn Monk began the quest for the Orb.
     0 | D:1      | Reached XP level 1. HP: 18/18 MP: 1/1
   133 | D:1      | Reached skill level 3 in Axes
   133 | D:1      | Gained mutation: When hurt, damage is shared between your
                  | health and your magic reserves. [demonic ancestry]
   133 | D:1      | Reached XP level 2. HP: 3/24 MP: 2/2
   795 | D:1      | Gained mutation: You are partially covered in molten
                  | scales. (AC +2) [demonic ancestry]
   795 | D:1      | Reached XP level 3. HP: 29/29 MP: 3/3
  1435 | D:2      | Gained mutation: You sometimes gain a little power by
                  | taking damage. [demonic ancestry]
  1435 | D:2      | Reached XP level 4. HP: 35/35 MP: 4/4
  1459 | D:2      | Noticed Robin
  1657 | D:2      | Killed Robin
  1980 | D:2      | Found a faded altar of an unknown god.
  2029 | D:2      | Reached skill level 4 in Axes
  2200 | D:2      | Gained mutation: You regenerate magic rapidly. [demonic
                  | ancestry]
  2200 | D:2      | Reached XP level 5. HP: 40/42 MP: 5/5
  2747 | D:3      | Found a glowing drain.
  2751 | Sewer    | Entered a sewer
  3436 | D:3      | Reached XP level 6. HP: 28/48 MP: 4/6
  3616 | D:3      | Found a burning altar of Makhleb.
  3616 | D:3      | Noticed a cacodemon
  3620 | D:3      | Noticed a ynoxinul
  3620 | D:3      | Noticed an orange demon
  4277 | D:4      | Noticed Menkaure
  4902 | D:4      | Reached skill level 5 in Axes
  5413 | D:3      | Gained mutation: You have sharp toenails. [demonic
                  | ancestry]
  5413 | D:3      | Reached XP level 7. HP: 53/55 MP: 7/7
  5850 | D:4      | Killed Menkaure
  5850 | D:4      | Reached skill level 6 in Axes
  6112 | D:4      | Gained mutation: You sometimes gain power by taking damage.
                  | [demonic ancestry]
  6112 | D:4      | Reached XP level 8. HP: 48/61 MP: 6/8
  6204 | D:4      | Reached skill level 5 in Dodging
  6659 | D:4      | Reached skill level 5 in Fighting
  6903 | D:5      | Entered Level 5 of the Dungeon
  7829 | D:6      | Found Utwurot's Gadget Boutique.
  7840 | D:6      | Found a staircase to the Ecumenical Temple.
  7887 | Temple   | Entered the Ecumenical Temple
  7930 | Temple   | Became a worshipper of Warmaster Okawaru
  7930 | Temple   | Reached * piety under Okawaru
  7930 | Temple   | Reached ** piety under Okawaru
  7954 | D:6      | Reached skill level 7 in Axes
  8138 | D:6      | HP: 3/62 [poisoned by an orc wizard]
  8143 | D:6      | HP: 3/62 [poisoned by an orc wizard]
  8149 | D:6      | HP: 3/62 [poisoned by an orc wizard]
  8155 | D:6      | HP: 2/62 [poisoned by an orc wizard]
  8160 | D:6      | HP: 2/62 [poisoned by an orc wizard]
  8500 | D:6      | Noticed Blork the orc
  8513 | D:6      | Killed Blork the orc
  9523 | D:7      | Reached skill level 8 in Axes
  9523 | D:7      | Reached XP level 9. HP: 69/69 MP: 9/9
 10925 | D:8      | Reached *** piety under Okawaru
 11184 | D:8      | Reached skill level 9 in Axes
 11834 | D:9      | Found a staircase to the Orcish Mines.
 11859 | D:9      | Found a bloodstained altar of Trog.
 11881 | D:9      | Found a staircase to the Lair.
 12112 | D:9      | Noticed a two-headed ogre
 12129 | D:9      | Killed a two-headed ogre
 12129 | D:9      | Reached XP level 10. HP: 33/77 MP: 3/10
 12577 | D:9      | Reached skill level 10 in Axes
 12755 | D:9      | Reached **** piety under Okawaru
 12755 | D:9      | Reached skill level 5 in Stealth
 12951 | Orc:1    | Entered Level 1 of the Orcish Mines
 12984 | Orc:1    | Noticed an orc sorcerer
 13032 | Orc:1    | Paralysed by an orc sorcerer for 2 turns
 13034 | Orc:1    | HP: 3/77 [ice devil[an orc sorcerer] (2)]
 13034 | Orc:1    | Slain by an ice devil

Vault maps used:
D:1:      nzn_arrival_settlement
D:2:      chequers_ecumenical_altar_grove, minmay_misc_feat_enclosed, uniq_robin
D:3:      makhleb_altar_promises_db, gup_sewer_entry_bowl
D:4:      first_ration, uniq_menkaure
D:6:      temple_pool_b, serial_shops, shop, uniq_blork_the_orc
D:7:      grunt_ogre_cave, minmay_holes
D:8:      minivault_14
D:9:      dpeg_oklobed_lair, orc_0_dummy, trog_three_pillars_becter
Temple:   nicolae_temple_the_god_donut
Orc:1:    serial_shops, nicolae_shop_crystal, nicolae_orc_jurassic_orc
Sewer:    sewer_minmay_treatment

Skill      XL: |  1  2  3  4  5  6  7  8  9 10 |
---------------+-------------------------------+-----
Axes           | 3 4 5 6 8 9 10 | 10.0
Dodging        | 3 4 5 6 |  6.8
Stealth        | 2 3 4 5 |  5.0
Fighting       | 4 5 7 |  7.2
Armour         | |  0.8
Invocations    | |  0.5

Action                   |  1- 3 |  4- 6 |  7- 9 | 10-12 || total
-------------------------+-------+-------+-------+-------++-------
Melee: Hand axe          |   124 |   356 |   568 |    78 ||  1126
       Kick              |       |       |   191 |    29 ||   220
Invok: Heroism           |       |       |     2 |     2 ||     4
  Use: Scroll            |       |     3 |     8 |       ||    11
       Potion            |       |       |    10 |       ||    10
 Stab: Sleeping          |     3 |    11 |    11 |     1 ||    26
       Distracted        |       |     1 |     1 |       ||     2
  Eat: Chunk             |     2 |    13 |    18 |     3 ||    36
       Ration            |       |       |     1 |       ||     1
Armor: Robe              |    15 |       |    60 |    16 ||    91
       Ring mail         |    21 |    18 |       |       ||    39
       Animal skin       |       |   104 |    70 |       ||   174
       Skin              |       |       |     8 |       ||     8
Dodge: Dodged            |    97 |   320 |   414 |    41 ||   872

Table legend:
 A = Non-vault XP
 B = Vault XP
 C = Vault XP percentage of total XP
 D = Non-vault monster count
 E = Vault monster count
 F = Vault count percentage of total count
                 A         B        C        D         E       F
            +---------+---------+-------+---------+---------+-------
      Total |    6222 |     456 |   6.8 |     204 |      20 |   8.9
            +---------+---------+-------+---------+---------+-------
        D:1 |      69 |      12 |  14.8 |      32 |       6 |  15.8
        D:2 |      95 |      24 |  20.2 |      21 |       6 |  22.2
        D:3 |     459 |      19 |   4.0 |      41 |       3 |   6.8
        D:4 |     686 |     175 |  20.3 |      26 |       1 |   3.7
        D:5 |     400 |       0 |   0.0 |      17 |       0 |   0.0
        D:6 |     637 |      91 |  12.5 |      15 |       1 |   6.2
        D:7 |     815 |     121 |  12.9 |      21 |       1 |   4.5
        D:8 |     582 |       0 |   0.0 |       9 |       0 |   0.0
        D:9 |    2301 |       0 |   0.0 |      18 |       0 |   0.0
      Orc:1 |     178 |       0 |   0.0 |       4 |       0 |   0.0
      Sewer |       0 |      14 | 100.0 |       0 |       2 | 100.0
            +---------+---------+-------+---------+---------+-------
